 Dungeon Crawl Stone Soup version 0.28.0 (webtiles) character file.

Game seed: 8845077467050816249

811 dolemite99 the Poker (level 7, -6/60 HPs)
             Began as a Gnoll Cinder Acolyte on Feb 18, 2022.
             Was a Believer of Ignis.
             Mangled by an orc warrior (17 damage)
             ... on level 5 of the Dungeon.
             The game lasted 00:12:06 (6595 turns).

dolemite99 the Poker (Gnoll Cinder Acolyte)         Turns: 6595, Time: 00:12:06

Health: -6/60      AC:  5    Str: 28    XL:     7   Next: 93%
Magic:  11/13      EV: 11    Int: 13    God:    Ignis [**....]
Gold:   172        SH:  0    Dex:  7    Spells: 12/14 levels left

rFire   + . .      SeeInvis .   b - +1 rapier (elec)
rCold   . . .      Faith    .   (no shield)
rNeg    . . .      Spirit   .   k - +0 leather armour
rPois   .          Reflect  .   (no helmet)
rElec   .          Harm     .   o - +0 cloak
rCorr   .          Rampage  .   q - +0 pair of gloves
Will    .....                   (no boots)
Stlth   ++........              (no amulet)
HPRegen 0.20/turn               t - +6 ring of strength
MPRegen 0.13/turn               n - +6 ring of strength

@: no status effects
A: fangs 1, strong nose, distributed training
a: Renounce Religion, Fiery Armour, Foxfire Swarm, Rising Flame


You were on level 5 of the Dungeon.
You worshipped Ignis.
Ignis was pleased with you.
You visited 1 branch of the dungeon, and saw 5 of its levels.

You collected 172 gold pieces.

Inventory:

Hand Weapons
 a - a -1 spear of flaming
 b - a +1 rapier of electrocution (weapon)
 r - a +0 hunting sling
 v - a +2 dagger of draining
Missiles
 c - 49 arrows
 d - 4 poisoned darts (quivered)
 h - 40 bolts
 j - 128 stones
Armour
 k - a +0 leather armour (worn)
 o - a +0 cloak (worn)
 p - a +0 robe
 q - a +0 pair of gloves (worn)
Magical Staves
 e - a staff of air
 l - a staff of fire
Jewellery
 n - a +6 ring of strength (right hand)
 t - a +6 ring of strength (left hand)
Scrolls
 f - a scroll of magic mapping
 g - a scroll of noise
 i - 3 scrolls of teleportation
 m - a scroll of amnesia
Potions
 u - a potion of flight {unknown}
 w - a potion of ambrosia


   Skills:
 + Level 7.1 Fighting
 + Level 2.8 Short Blades
 + Level 2.8 Long Blades
 + Level 2.8 Axes
 + Level 2.8 Maces & Flails
 + Level 7.1 Polearms
 + Level 2.8 Staves
 + Level 2.8 Slings
 + Level 2.8 Bows
 + Level 2.8 Crossbows
 + Level 2.8 Throwing
 + Level 2.8 Armour
 + Level 2.8 Dodging
 + Level 2.8 Stealth
 + Level 2.8 Shields
 + Level 2.8 Unarmed Combat
 + Level 4.0 Spellcasting
 + Level 2.2 Conjurations
 + Level 2.2 Hexes
 + Level 2.2 Summonings
 + Level 2.2 Necromancy
 + Level 2.2 Translocations
 + Level 2.2 Transmutations
 + Level 5.9 Fire Magic
 + Level 2.2 Ice Magic
 + Level 2.2 Air Magic
 + Level 2.2 Earth Magic
 + Level 2.2 Poison Magic
 + Level 3.1 Invocations
 + Level 2.8 Evocations


You had 12 spell levels left.
You knew the following spells:

 Your Spells              Type           Power      Damage    Failure   Level
a - Scorch                Fire           36%        2d7       3%          2

Your spell library contained the following spells:

 Spells                   Type           Power      Damage    Failure   Level


Dungeon Overview and Level Annotations

Branches:
Dungeon (5/15)             Temple (0/1) D:4

Altars:
Dithmenos
Fedhas
Qazlal
Vehumet
Xom


Innate Abilities, Weirdness & Mutations

You have very sharp teeth.
Your uncanny sense of smell can sniff out nearby items.
Your experience applies equally to all skills.


Message History

Press: ? - help, Dir - look around, f - activate Flames leap up around you!
The orc warrior barely misses you.
The foxfire hits the orc warrior but does no damage.
The orc warrior is moderately wounded.
The foxfire hits the orc warrior.
The orc warrior is heavily wounded.
The foxfire hits the orc warrior but does no damage.
The orc warrior is heavily wounded.
The foxfire hits the orc warrior but does no damage.
The orc warrior is heavily wounded.
The foxfire hits the orc warrior.
The orc warrior is heavily wounded.
The foxfire hits the orc warrior.
The orc warrior is heavily wounded.
The foxfire hits the orc warrior.
The orc warrior is severely wounded.
The foxfire hits the orc warrior but does no damage.
The orc warrior is severely wounded.
The foxfire hits the orc warrior but does no damage.
The orc warrior is severely wounded.
The foxfire hits the orc warrior.
The orc warrior is severely wounded.
The foxfire hits the orc warrior but does no damage.
The orc warrior is severely wounded.
The orc warrior hits you from afar with a +0 glaive!!
* * * LOW HITPOINT WARNING * * *
The foxfire hits the orc warrior but does no damage.
The orc warrior is severely wounded.
The foxfire hits the orc warrior.
The orc warrior is almost dead.
The foxfire hits the orc warrior.
The orc warrior is almost dead.
A puff of flame appears from out of thin air!
The puff of flame hits you. You resist.
* * * LOW HITPOINT WARNING * * *
Casting: Scorch (safe; 3% risk of failure)
Confirm with . or Enter, or press ? or * to list all spells.
Flames lash something.
The orc warrior hits you from afar with a +0 glaive!
You die...

#..######.##.##.# #..# #.##>##.#
##..######.##.##.##
.................#
#..####.#.##.###.## #..#
#.####.##.#.## #..# #.#
#.#.###.##
############.Z####.####..## ##.#
.........Z.o..o.@.......#.###.##
#########..................#.##
# #.#..############.#.## #
#.#..######## #)#.# #
#.#.......... #.#.# #
#.#..######## #)#.# #.#..# #.#.#
#.#..# #)#.# #.#..# #.#.#


You could see an orc warrior, an orc, a hound zombie and a centaur zombie.

Vanquished Creatures
  2 black bears
  A phantom (D:4)
  A water moccasin zombie (D:5)
  2 bullfrog zombies (D:5)
  A jelly (D:4)
  2 orc priests
  A centaur skeleton (D:5)
  3 hounds
  An iguana (D:4)
  An orc wizard (D:5)
  A hound zombie (D:5)
  A howler monkey skeleton (D:5)
  3 adders (D:3)
  An ufetubus (D:4)
  3 adder skeletons
  5 worms
  5 dart slugs
  5 orcs
  8 bats
  2 endoplasms
  3 giant cockroaches
  12 goblins
  6 hobgoblins
  3 jackals (D:1)
  9 quokkas
  3 ball pythons
  3 frilled lizards
  4 kobolds
  8 rats
100 creatures vanquished.

Vanquished Creatures (others)
  59 foxfires
  3 fungi (D:1)
  A plant (D:4)
63 creatures vanquished.

Grand Total: 163 creatures vanquished

Notes
Turn   | Place    | Note
-------+----------+-------------------------------------------
     0 | D:1      | dolemite99 the Gnoll Cinder Acolyte began the quest for the
                  | Orb.
     0 | D:1      | Reached XP level 1. HP: 23/23 MP: 4/4
   174 | D:1      | Reached XP level 2. HP: 29/29 MP: 5/5
   377 | D:1      | Found a faded altar of an unknown god.
   550 | D:1      | Reached XP level 3. HP: 35/35 MP: 7/7
   553 | D:1      | Learned a level 2 spell: Scorch
  1106 | D:1      | Learned a level 2 spell: Scorch
  1361 | D:2      | Reached skill level 1 in Invocations
  2440 | D:1      | Reached skill level 1 in Short Blades
  2440 | D:1      | Reached skill level 1 in Long Blades
  2440 | D:1      | Reached skill level 1 in Axes
  2440 | D:1      | Reached skill level 1 in Maces & Flails
  2440 | D:1      | Reached skill level 1 in Staves
  2440 | D:1      | Reached skill level 1 in Slings
  2440 | D:1      | Reached skill level 1 in Bows
  2440 | D:1      | Reached skill level 1 in Crossbows
  2440 | D:1      | Reached skill level 1 in Throwing
  2440 | D:1      | Reached skill level 1 in Armour
  2440 | D:1      | Reached skill level 1 in Dodging
  2440 | D:1      | Reached skill level 1 in Stealth
  2440 | D:1      | Reached skill level 1 in Shields
  2440 | D:1      | Reached skill level 1 in Unarmed Combat
  2440 | D:1      | Reached skill level 1 in Evocations
  2575 | D:2      | Reached XP level 4. HP: 38/41 MP: 3/8
  2972 | D:3      | Found a radiant altar of Vehumet.
  3326 | D:3      | Reached skill level 1 in Conjurations
  3326 | D:3      | Reached skill level 1 in Hexes
  3326 | D:3      | Reached skill level 1 in Summonings
  3326 | D:3      | Reached skill level 1 in Necromancy
  3326 | D:3      | Reached skill level 1 in Translocations
  3326 | D:3      | Reached skill level 1 in Transmutations
  3326 | D:3      | Reached skill level 1 in Ice Magic
  3326 | D:3      | Reached skill level 1 in Air Magic
  3326 | D:3      | Reached skill level 1 in Earth Magic
  3326 | D:3      | Reached skill level 1 in Poison Magic
  4083 | D:4      | Found a shadowy altar of Dithmenos.
  4087 | D:4      | Reached XP level 5. HP: 47/47 MP: 4/9
  4530 | D:4      | Noticed a phantom
  4534 | D:4      | Killed a phantom
  4535 | D:4      | Reached XP level 6. HP: 18/53 MP: 10/10
  4976 | D:4      | Found a shimmering altar of Xom.
  5044 | D:4      | Found a stormy altar of Qazlal.
  5044 | D:4      | Found a blossoming altar of Fedhas.
  5242 | D:4      | Noticed a black bear
  5251 | D:4      | Killed a black bear
  5644 | D:4      | Reached XP level 7. HP: 57/59 MP: 9/12
  5826 | D:4      | Found a staircase to the Ecumenical Temple.
  5993 | D:5      | Entered Level 5 of the Dungeon
  6595 | D:5      | Mangled by an orc warrior

Illustrated notes

Levels and vault maps discovered:
D:1:      dpeg_arrival_simpleton_b, layout_rooms,
          shapermc_ecumenical_altar_mp_urbaneastern, grunt_decor_mini_mirrors,
          nrook_campfire, dk_noncrumbling_2, hangedman_glass_teeth
D:2:      layout_rooms
D:3:      layout_loops_ring, nicolae_vehumet_altar_sigil,
          minmay_misc_feat_square
D:4:      layout_gridville, grunt_temple_overflow_forces_of_nature,
          mainiacjoe_overflow_small_starburst, kennysheep_mini_moat,
          minmay_temple_entry_butterflies, gup_sewer_entry_spiral,
          chequers_serial_rivers_marsh, grunt_decor_junction
D:5:      layout_loops_ring, nicolae_overflow_crystal_walls, serial_undead,
          serial_undead_d, serial_undead_e, serial_undead_d, serial_undead_a

Skill      XL: |  1  2  3  4  5  6  7 |
---------------+----------------------+-----
Invocations    | 1 2 3 |  3.1
Short Blades   | 1 2 |  2.8
Long Blades    | 1 2 |  2.8
Axes           | 1 2 |  2.8
Maces & Flails | 1 2 |  2.8
Staves         | 1 2 |  2.8
Slings         | 1 2 |  2.8
Bows           | 1 2 |  2.8
Crossbows      | 1 2 |  2.8
Throwing       | 1 2 |  2.8
Armour         | 1 2 |  2.8
Dodging        | 1 2 |  2.8
Stealth        | 1 2 |  2.8
Shields        | 1 2 |  2.8
Unarmed Combat | 1 2 |  2.8
Evocations     | 1 2 |  2.8
Spellcasting   | 3 4 |  4.0
Conjurations   | 1 2 |  2.2
Hexes          | 1 2 |  2.2
Summonings     | 1 2 |  2.2
Necromancy     | 1 2 |  2.2
Translocations | 1 2 |  2.2
Transmutations | 1 2 |  2.2
Ice Magic      | 1 2 |  2.2
Air Magic      | 1 2 |  2.2
Earth Magic    | 1 2 |  2.2
Poison Magic   | 1 2 |  2.2
Fighting       | 7 |  7.1
Polearms       | 7 |  7.1
Fire Magic     | |  5.9

Action                   |  1- 3 |  4- 6 |  7- 9 || total
-------------------------+-------+-------+-------++-------
Melee: Spear             |    95 |   106 |       ||   201
       Bite              |     5 |     9 |     2 ||    16
       Punch             |     2 |     2 |     1 ||     5
       Rapier            |       |       |    31 ||    31
Throw: Dart              |     7 |     6 |     2 ||    15
 Cast: Scorch            |    23 |    41 |    14 ||    78
Invok: Fiery Armour      |     1 |     1 |       ||     2
       Foxfire Swarm     |       |     2 |     2 ||     4
  Use: Scroll            |     4 |     3 |     1 ||     8
 Stab: Sleeping          |       |     1 |       ||     1
Armor: Robe              |    22 |       |       ||    22
       Leather armour    |     8 |    33 |    18 ||    59
Dodge: Dodged            |    44 |    65 |    42 ||   151
